 Dungeon Crawl Stone Soup version 0.31-a0-165-g3f4f80340b (webtiles) character file.

Game seed: 16984443595555497651

6 qw the Shooter (level 1, -1/19 HPs)
             Began as a Naga Hunter on June 13, 2023.
             Slain by a jackal (3 damage)
             ... on level 1 of the Dungeon.
             The game lasted 00:00:03 (63 turns).

qw the Shooter (Naga Hunter)                          Turns: 63, Time: 00:00:03

Health: -1/19      AC:  1    Str: 13    XL:     1   Next: 90%
Magic:  1/1        EV:  9    Int:  9    God:
Gold:   0          SH:  0    Dex: 14    Spells: 0/0 levels left

rFire   . . .        a - +0 shortbow
rCold   . . .        (shield currently unavailable)
rNeg    . . .        c - +0 leather armour
rPois   +            (no helmet)
rElec   .            (no cloak)
rCorr   .            (no gloves)
SInv    +            (no barding)
Will    .....        (no amulet)
Stlth   ++           (no ring)
HPRegen 0.23/turn    (no ring)
MPRegen 0.07/turn

%: no passive effects
@: short of breath, very slow
A: AC +0, large, see invisible, deformed body, poison resistance, slowness 2,
spit poison 1, naga tail 1
a: Spit Poison


You were on level 1 of the Dungeon.
You visited 1 branch of the dungeon, and saw 1 of its levels.

You collected 18 gold pieces.
You spent 18 gold pieces at shops.


Innate Abilities, Weirdness & Mutations

Your serpentine skin is tough. (AC +0)
You have supernaturally acute eyesight. (SInv)
Armour fits poorly on your strangely shaped body.
Your system is resistant to poisons. (rPois)
You cover ground very slowly.
You can spit poison.
You have a snake-like lower body.


   Skills:
 - Level 2.0 Fighting
 + Level 3.9 Ranged Weapons
 - Level 1.5 Dodging
 - Level 1.5 Stealth


You couldn't memorise any spells.
You didn't know any spells.
Your spell library was empty.

Inventory:

Hand Weapons
 a - a +0 shortbow (weapon)
Armour
 c - a +0 leather armour (worn)
Scrolls
 b - a scroll of butterflies
Potions
 d - a potion of curing {unknown}
 e - a potion of lignification {unknown}

Dungeon Overview and Level Annotations

Branches:
Dungeon (1/15)

Altars:

Shops:
D:1 *


Message History

The jackal barely misses you.
You shoot an arrow. The arrow barely misses the jackal.
You have got your breath back.
The jackal barely misses you. The jackal bites you.
56 ||| INVOKING Spit Poison.
Aiming: Spit Poison (3% risk of failure)
Press: ? - help, Shift-Dir - straight line, f/p - jackal The splash of poison misses the jackal.
The jackal bites you.
You shoot an arrow.
The arrow hits the jackal but does no damage.
The jackal bites you. x2
You shoot an arrow. The arrow hits the jackal.
The jackal is severely wounded.
A bat comes into view.
The jackal closely misses you. The jackal misses you.
You shoot an arrow. The arrow closely misses the jackal.
The bat barely misses you. The bat hits you. The jackal bites you.
The bat hits you. The jackal closely misses you.
You shoot an arrow. The arrow barely misses the jackal.
You have got your breath back.
The bat hits you. The bat hits you but does no damage. The jackal misses you.
The jackal bites you but does no damage.
The bat closely misses you.
61 ||| INVOKING Spit Poison.
Aiming: Spit Poison (3% risk of failure)
Press: ? - help, Shift-Dir - straight line, f/p - jackal The splash of poison misses the jackal.
The bat barely misses you.
A jackal comes into view.
The jackal bites you. The bat hits you but does no damage.
You shoot an arrow. The jackal barks!
The arrow hits the jackal.
You kill the jackal!
The bat misses you. The bat closely misses you.
You shoot an arrow. The arrow misses the bat.
The bat hits you but does no damage. The bat closely misses you.
The jackal bites you. x2
You die...

... #.# #.######
#.##... #.##)####
#...:...#
#########.#####.#
#.......#.#
#h###..#
#...###...#
#@.....#
##..)#####.#
#.###..#
..(.....##.# #b#
# ........##..
..# .#####..#..##
##. .#~~S#..####
# .#~~~#..#
.#~~~#..#
.#~~~#..#


You could see a jackal and a bat.

Vanquished Creatures
  An endoplasm (D:1)
  A goblin (D:1)
  2 jackals (D:1)
  A kobold (D:1)
5 creatures vanquished.

Notes
Turn   | Place    | Note
-------+----------+-------------------------------------------
     0 | D:1      | qw the Naga Hunter began the quest for the Orb.
     0 | D:1      | Reached XP level 1. HP: 19/19 MP: 1/1
     0 | D:1      | 0 ||| qw: Version: 0.2-a-29-gc1b59c4
     0 | D:1      | 0 ||| qw: Game counter: 4649
     0 | D:1      | 0 ||| qw: Always use a shield: true
     0 | D:1      | 0 ||| qw: God list: Okawaru
     0 | D:1      | 0 ||| qw: Allow faded altars: false
     0 | D:1      | 0 ||| qw: Do Orc after D:15 true
     0 | D:1      | 0 ||| qw: Do second Lair branch before Depths: true
     0 | D:1      | 0 ||| qw: Lair rune preference: random
     0 | D:1      | 0 ||| qw: Plans: Normal
     0 | D:1      | 0 ||| PLANNING D:1-11
     1 | D:1      | Noticed an electric eel
    36 | D:1      | 36 ||| INVOKING Spit Poison.
    42 | D:1      | Found Tohausus's Assorted Antiques.
    43 | D:1      | 43 ||| INVOKING Spit Poison.
    51 | D:1      | 51 ||| SHOPLISTING 2 cyan potions (37 gold, have 18).
    51 | D:1      | 51 ||| SHOPLISTING helmet (94 gold, have 18).
    51 | D:1      | 51 ||| BUYING lumpy black potion (18 gold).
    51 | D:1      | Bought a lumpy black potion for 18 gold pieces
    51 | D:1      | 51 ||| SHOPLISTING scroll labelled ANUORA CIWI (21 gold,
                  | have 0).
    51 | D:1      | 51 ||| SHOPLISTING scroll labelled TEN TUSESMY (21 gold,
                  | have 0).
    51 | D:1      | 51 ||| SHOPLISTING twisted diamond ring (105 gold, have 0).
    51 | D:1      | 51 ||| INVOKING Spit Poison.
    56 | D:1      | 56 ||| INVOKING Spit Poison.
    61 | D:1      | 61 ||| INVOKING Spit Poison.
    61 | D:1      | HP: 4/19 [jackal (2)]
    63 | D:1      | Slain by a jackal

Levels and vault maps discovered:
D:1:      arrival_aquarium_a, layout_loops_ring, serial_shops, shop

Action                     || total
---------------------------++-------
   Fire: Shortbow          ||    14
Ability: Spit Poison       ||     5
 Armour: Leather armour    ||     4
  Dodge: Dodged            ||    12

Table legend:
 A = Non-vault XP
 B = Vault XP
 C = Vault XP percentage of total XP
 D = Non-vault monster count
 E = Vault monster count
 F = Vault count percentage of total count
                 A         B        C        D         E       F
            +---------+---------+-------+---------+---------+-------
      Total |       9 |       0 |   0.0 |       5 |       0 |   0.0
            +---------+---------+-------+---------+---------+-------
        D:1 |       9 |       0 |   0.0 |       5 |       0 |   0.0
            +---------+---------+-------+---------+---------+-------
